 Dungeon Crawl Stone Soup version 0.30-a0-830-gfe289a77b0 (webtiles) character file.

Game seed: 15960189160291863106

106 Nacht the Shooter (level 4, -2/35 HPs)
             Began as a Demonspawn Hunter on Feb 28, 2023.
             Slain by an orc warrior
             ... wielding a +0 battleaxe
              (20 damage)
             ... on level 5 of the Dungeon.
             The game lasted 00:02:42 (2410 turns).

Nacht the Shooter (Demonspawn Hunter)               Turns: 2410, Time: 00:02:43

Health: -2/35      AC:  3    Str: 11    XL:     4   Next: 55%
Magic:  4/4        EV: 12    Int: 12    God:
Gold:   192        SH:  0    Dex: 17    Spells: 3/3 levels left

rFire   . . .      SeeInvis .    a - +0 shortbow
rCold   . . .      Faith    .    (shield currently unavailable)
rNeg    . . .      Spirit   .    c - +0 leather armour
rPois   .          Reflect  .    (helmet restricted)
rElec   .          Harm     .    (no cloak)
rCorr   .          Rampage  .    (no gloves)
Will    .....                    (no boots)
Stlth   ++                       (no amulet)
HPRegen 0.25/turn                (no ring)
MPRegen 0.09/turn                (no ring)

@: no status effects
A: antennae 2, demonic magic 1
a: no special abilities


You were on level 5 of the Dungeon.
You visited 2 branches of the dungeon, and saw 6 of its levels.

You collected 192 gold pieces.

Inventory:

Hand Weapons
 a - a +0 shortbow (weapon)
Armour
 c - a +0 leather armour (worn)
Jewellery
 s - a ring of resist corrosion
Scrolls
 b - 2 scrolls of immolation
 e - 3 scrolls of identify {unknown}
 h - a scroll of blinking {unknown}
 j - 2 scrolls of poison {unknown}
 l - 2 scrolls of fog {unknown}
 m - 2 scrolls of noise {unknown}
 n - 5 scrolls of teleportation {unknown}
 o - a scroll of amnesia {unknown}
 p - a scroll of vulnerability {unknown}
 r - a scroll of enchant weapon {unknown}
 t - a scroll of fear {unknown}
 u - a scroll of silence {unknown}
 v - a scroll of enchant armour {unknown}
Potions
 d - 4 potions of curing {unknown}
 f - 2 potions of brilliance {unknown}
 g - 2 potions of heal wounds {unknown}
 i - a potion of lignification {unknown}
 k - 2 potions of attraction {unknown}
 q - 2 potions of degeneration {unknown}
 w - a potion of magic {unknown}


   Skills:
 + Level 3.2 Fighting
 + Level 4.3 Ranged Weapons
 + Level 2.9 Dodging
 - Level 0.8 Stealth


You had 3 spell levels left.
You didn't know any spells.
Your spell library contained the following spells:

 Spells                   Type           Power      Damage    Failure   Level
 Summon Small Mammal      Summ           0%         N/A       41%         1
 Call Canine Familiar     Summ           0%         N/A       78%         3
 Summon Guardian Golem    Hex/Summ       0%         N/A       78%         3


Dungeon Overview and Level Annotations

Branches:
Dungeon (5/15)             Temple (1/1) D:4

Altars:
Dithmenos
Gozag
Hepliaklqana
Kikubaaqudgha
Makhleb
Nemelex Xobeh
Okawaru
Qazlal
Ru
Sif Muna
Trog
Uskayaw


Innate Abilities, Weirdness & Mutations

You have a pair of antennae on your head.
Spells you cast may paralyse adjacent enemies.


Message History

An orc comes into view. It is wielding a +0 whip.
The orc warrior throws a boomerang of dispersal.
The boomerang of dispersal closely misses you.
There are monsters nearby!
You shoot an arrow. The orc shouts!
The arrow hits the orc warrior but does no damage.
An orc priest comes into view. It is wielding a +0 dagger.
The orc warrior throws a boomerang of dispersal.
The boomerang of dispersal barely misses you.
An orc comes into view. It is wielding a +0 trident.
You shoot an arrow. The orc priest shouts!
The arrow hits the orc.
The orc is lightly wounded.
You shoot an arrow. The arrow completely misses the orc.
The arrow hits the orc warrior.
The orc warrior is lightly wounded.
You shoot an arrow.
The arrow hits the orc warrior but does no damage.
The orc warrior is lightly wounded.
You shoot an arrow. The arrow barely misses the orc.
The orc closely misses you.
The orc hits you from afar with a +0 trident.
You shoot an arrow. The arrow closely misses the orc.
The orc hits you from afar with a +0 trident.
You shoot an arrow.
The arrow hits the orc warrior but does no damage.
The orc warrior is lightly wounded.
The orc hits you from afar with a +0 trident.
You shoot an arrow.
The arrow barely misses the orc warrior.
The orc misses you. The orc warrior barely misses you.
The orc hits you but does no damage.
The orc warrior hits you with a +0 battleaxe!
You shoot an arrow. The arrow hits the orc warrior.
The orc warrior is moderately wounded.
The orc warrior hits you with a +0 battleaxe!!
Ouch! That really hurt!
You die... #...# #...# ...# #...# ...# #...# .[.### #########...### .....# ..............+ o....## #......##...### oo......

#......##...#####o......
+......+...)....@.......
#......############...##
#......###......# ...
..).............+ ..#########
####+######.....####.........#
{ #.....##...........#
#.....##.#.##.#....#
#.....##.#.##.#....#
#.....##.#.##.#....##..


You could see an orc warrior, an orc priest and an orc.

Vanquished Creatures
  3 adders
  A worm (D:2)
  A dart slug (D:2)
  3 orcs
  5 endoplasms
  3 giant cockroaches
  8 goblins
  6 hobgoblins
  10 jackals
  3 kobolds
  3 quokkas
  4 ball pythons
  5 bats
  4 frilled lizards
  3 rats
62 creatures vanquished.

Vanquished Creatures (others)
  A human (D:3)
1 creature vanquished.

Grand Total: 63 creatures vanquished

Notes
Turn   | Place    | Note
-------+----------+-------------------------------------------
     0 | D:1      | Nacht the Demonspawn Hunter began the quest for the Orb.
     0 | D:1      | Reached XP level 1. HP: 16/16 MP: 1/1
   161 | D:1      | Discovered your monstrous ancestry.
   161 | D:1      | Gained mutation: You have a pair of small antennae on your
                  | head. [demonic ancestry]
   161 | D:1      | Reached XP level 2. HP: 22/22 MP: 2/2
   425 | D:1      | Found a faded altar of an unknown god.
   764 | D:2      | Gained mutation: Spells you cast may paralyse adjacent
                  | enemies. [demonic ancestry]
   764 | D:2      | Reached XP level 3. HP: 28/28 MP: 3/3
   846 | D:2      | Reached skill level 4 in Ranged Weapons
  1216 | D:3      | Gained mutation: You have a pair of antennae on your head.
                  | [demonic ancestry]
  1216 | D:3      | Reached XP level 4. HP: 34/34 MP: 4/4
  1943 | D:3      | Found an ancient bone altar of Kikubaaqudgha.
  1944 | D:3      | Noticed a human
  1946 | D:3      | Killed a human
  2187 | D:4      | Found a staircase to the Ecumenical Temple.
  2211 | Temple   | Entered the Ecumenical Temple
  2315 | D:5      | Entered Level 5 of the Dungeon
  2401 | D:5      | Noticed an orc warrior
  2410 | D:5      | Slain by an orc warrior

Illustrated notes

Levels and vault maps discovered:
D:1:      matt_arrival_grand_opening, layout_loops_ring, basic_ecumenical_altar,
          corexii_leaking_fountain
D:2:      layout_basic, minmay_3d_cube
D:3:      layout_loops_cross, tgw_kikubaaqudgha, portal_sewer_entry_d,
          st_stairs_7
D:4:      layout_layer_cave, minmay_temple_entry_mist
D:5:      layout_basic, mainiacjoe_overflow_alcove_1, minmay_pentangle
Temple:   cyrus_circular_temple

Skill      XL: |  1  2  3  4 |
---------------+-------------+-----
Dodging        | 2 |  2.9
Ranged Weapons | 4 |  4.3
Fighting       | 3 |  3.2
Stealth        | |  0.8

Action                     |  1- 3 |  4- 6 || total
---------------------------+-------+-------++-------
   Fire: Shortbow          |   119 |    78 ||   197
 Armour: Leather armour    |    14 |    14 ||    28
  Dodge: Dodged            |    32 |    44 ||    76

Table legend: (Time is in decaauts)
 A = Elapsed time spent in this place.
 B = Non-inter-level travel time spent in this place.
 C = Inter-level travel time spent in this place.
 D = Time resting spent in this place.
 E = Time spent auto-exploring this place.
 F = Levels seen in this place.
 G = Mean time per level.
                   A        B        C        D        E       F      G
               +--------+--------+--------+--------+--------+-----+--------+
         Total |   2484 |   2418 |     66 |      0 |   1981 |   6 |  414.0 |
       Dungeon |   2424 |   2366 |     58 |      0 |   1947 |   5 |  484.8 |
        Temple |     59 |     51 |      8 |      0 |     34 |   1 |   59.0 |
               +--------+--------+--------+--------+--------+-----+--------+

Top non-repeatable levels by time:
     D:3: 920 daAuts
     D:1: 682 daAuts
     D:2: 539 daAuts
     D:4: 184 daAuts
     D:5: 97 daAuts
  Temple: 59 daAuts
